Chicoutimi Sagueneens vs Texas Stars

Created - 30 octobre 2017 at 18:33

Goals
1 2 3 T
Chicoutimi Sagueneens 1 1 0 2
Texas Stars 0 1 3 4
Shots
1 2 3 T
Chicoutimi Sagueneens 10 11 11 32
Texas Stars 7 11 16 34

1st period

1. Chicoutimi Sagueneens , Rocco Grimaldi 4 (Derrick Pouliot 5) at 0:52 (PP)

Penalties :
Phil Varone (STA) for Holding Stick (Minor) at 0:19, Luke Johnson (STA) for Delaying the game (Minor) at 10:33, Danick Martel (STA) for Slashing (Minor) at 13:05

2nd period

2. Texas Stars , Michael Dal Colle 3 (Michael Bournival 5) at 0:40
3. Chicoutimi Sagueneens , Stanislav Galiev 5 (Ludwig Bystrom 1, Matt White 1) at 17:52

Penalties :
Jamie Oleksiak (SAG) for Holding (Minor) at 18:16

3rd period

4. Texas Stars , Michael Dal Colle 4 (Luke Witkowski 4, Garnet Hathaway 5) at 0:34
5. Texas Stars , Garnet Hathaway 5 (Michael Bournival 6, Michael Dal Colle 5) at 4:03 (PP)
6. Texas Stars , Michael Bournival 6 (Michael Dal Colle 6, Garnet Hathaway 6) at 12:49

Penalties :
Mike Sislo (STA) for Tripping (Minor) at 0:51, Miikka Salomaki (SAG) for Tripping (Minor) at 3:19, Luke Witkowski (STA) for Fighting (Major) at 17:59, Chris Summers (SAG) for Fighting (Major) at 17:59, Miikka Salomaki (SAG) for Interference (Minor) at 19:00

Goalie Stats

Anthony Stolarz (SAG), 30 saves from 34 shots - (0,882), L, 3-2-1, 60:00 minutes
Malcolm Subban (STA), 30 saves from 32 shots - (0,938), W, 4-3-0, 60:00 minutes

Players Stats for Chicoutimi Sagueneens

Player Name              G  A  P  +/- PIM S  H  SB GA TA FO     MP     PP MP  PK MP  
------------------------------------------------------------------------------------
Alex Lintuniemi          0  0  0   0  0   1  2  0  0  0  0/0    18:54   2:27   1:41 
Chris Summers            0  0  0   0  5   0  1  0  0  1  0/0    18:44   2:27   1:32 
Derrick Pouliot          0  1  1  -2  0   0  1  2  1  2  0/0    27:38   4:03   2:01 
Gabriel Bourque          0  0  0   0  0   2  0  0  1  0  1/1    15:22   2:53   0:00 
Iiro Pakarinen           0  0  0   0  0   2  3  1  3  1  0/0    18:31   3:16   2:43 
Jacob De La Rose         0  0  0   0  0   1  1  1  1  0  7/13   16:11   2:53   0:49 
Jamie Oleksiak           0  0  0  -1  2   1  3  6  0  4  0/0    26:21   4:03   0:50 
Jean Dupuy               0  0  0  -2  0   3  0  0  1  0  0/1     7:42   0:00   0:00 
Laurent Dauphin          0  0  0  -1  0   4  2  1  0  1  15/34  23:34   3:29   2:43 
Ludwig Bystrom           0  1  1  -2  0   0  0  0  0  0  0/0    14:53   0:00   1:20 
Matt White               0  1  1   1  0   3  1  1  0  0  3/5    12:23   0:08   0:00 
Maxime Fortunus          0  0  0   0  0   0  0  1  0  0  0/0    13:20   0:00   0:00 
Miikka Salomaki          0  0  0   1  4   2  3  1  1  0  0/1    12:21   0:08   0:00 
Mike Brown               0  0  0  -2  0   0  0  1  0  0  0/0     7:42   0:00   0:00 
Rocco Grimaldi           1  0  1  -1  0   3  0  0  2  1  2/3    20:12   2:53   0:00 
Scott Wilson             0  0  0  -1  0   5  1  2  0  1  0/3    21:32   3:29   0:49 
Stanislav Galiev         1  0  1   1  0   3  1  0  1  0  0/0    12:53   0:21   0:10 
Zach Sill                0  0  0  -1  0   2  1  0  0  2  1/1     8:01   0:00   0:10 

Players Stats for Texas Stars

Player Name              G  A  P  +/- PIM S  H  SB GA TA FO     MP     PP MP  PK MP  
------------------------------------------------------------------------------------
Alex Schoenborn          0  0  0  -1  0   0  1  0  0  0  0/0     7:51   0:00   0:00 
Brad Hunt                0  0  0   0  0   3  1  1  2  0  0/0    27:45   2:56   4:05 
Brooks Laich             0  0  0   0  0   3  2  2  0  1  1/1    20:45   2:30   1:46 
Connor Brickley          0  0  0   0  0   3  1  2  0  0  1/2    14:08   0:00   1:41 
Damir Sharipzianov       0  0  0   0  0   0  0  1  0  0  0/0    12:13   0:00   0:00 
Danick Martel            0  0  0   0  2   1  0  0  1  0  0/0    13:17   0:00   0:51 
Garnet Hathaway          1  2  3   3  0   4  2  0  2  1  0/0    14:13   1:12   0:00 
Jacob Graves             0  0  0   0  0   0  0  0  0  1  0/0    12:38   0:15   0:00 
Joseph Cramarossa        0  0  0   0  0   0  2  1  0  0  2/12   13:11   0:00   1:05 
Luke Johnson             0  0  0  -1  2   0  2  1  0  0  1/2     8:10   0:00   0:00 
Luke Witkowski           0  1  1   2  5   0  2  0  0  0  0/0    19:36   0:31   2:25 
Michael Bournival        1  2  3   3  0   7  2  0  0  1  3/10   14:13   1:12   0:00 
Michael Dal Colle        2  2  4   3  0   2  1  1  0  1  0/0    16:07   1:12   1:34 
Mike Sislo               0  0  0   0  2   3  0  0  5  0  2/2    21:20   2:30   2:42 
Patrik Nemeth            0  0  0   0  0   1  0  2  1  2  0/0    27:45   2:56   4:05 
Phil Varone              0  0  0   0  2   7  2  0  2  1  23/33  22:20   2:30   3:21 
Ryan Murphy              0  0  0   2  0   0  0  0  0  2  0/0    20:02   0:46   2:25 
Tobias Lindberg          0  0  0  -1  0   0  0  0  0  1  0/0     7:51   0:00   0:00 

3 Stars

1 - Michael Dal Colle (STA)
2 - Garnet Hathaway (STA)
3 - Michael Bournival (STA)

Power Play

Chicoutimi Sagueneens - 1 on 4 Attempt(s) - 25,00%
Texas Stars - 1 on 3 Attempt(s) - 33,33%

Penalty Kill

Chicoutimi Sagueneens - 2 on 3 Attempt(s) - 66,67% - Score 0 goal in Penalty Kill
Texas Stars - 3 on 4 Attempt(s) - 75,00% - Score 0 goal in Penalty Kill

Team Stat

Chicoutimi Sagueneens - Hits : 20 - Faceoff Wins : 29 - Blocked Shots : 17 - Penalty Minutes : 11
Texas Stars - Hits : 18 - Faceoff Wins : 33 - Blocked Shots : 11 - Penalty Minutes : 13

Official

Referees : Tom Kowal and Francis Charron
Linesman : Jonny Murray and Mark Wheler

Game Notes

Luke Witkowski and Chris Summers fight to a draw at 17:59 of 3rd period

Finance

Level 1 -- Attendance: 1400 (70,00%) -- Ticket Income 49 000 $
Level 2 -- Attendance: 755 (75,50%) -- Ticket Income 11 325 $
Total Attendance: 2155 (71,83%)
Total Ticket Income: 60 325 $
Other Income: 29 559 $
Total Income: 89 884 $

Chicoutimi Sagueneens

5 vs 5 Forward 
   Center                   Left Wing                Right Wing               Time % Phy DF OF 
 1 Laurent Dauphin          Scott Wilson             Rocco Grimaldi           40     1   2  2  
 2 Jacob De La Rose         Gabriel Bourque          Iiro Pakarinen           30     1   2  2  
 3 Matt White               Stanislav Galiev         Miikka Salomaki          20     1   2  2  
 4 Zach Sill                Jean Dupuy               Mike Brown               10     1   2  2  

5 vs 5 Defense 
   Defense                  Defense                                           Time % Phy DF OF 
 1 Jamie Oleksiak           Derrick Pouliot                                   40     1   2  2  
 2 Chris Summers            Alex Lintuniemi                                   30     1   2  2  
 3 Maxime Fortunus          Ludwig Bystrom                                    20     1   2  2  
 4 Jamie Oleksiak           Derrick Pouliot                                   10     1   2  2  

PowerPlay Forward 
   Center                   Left Wing                Right Wing               Time % Phy DF OF 
 1 Laurent Dauphin          Iiro Pakarinen           Scott Wilson             60     1   2  2  
 2 Jacob De La Rose         Gabriel Bourque          Rocco Grimaldi           40     1   2  2  

PowerPlay Defense
   Defense                  Defense                                           Time % Phy DF OF 
 1 Jamie Oleksiak           Derrick Pouliot                                   60     1   2  2  
 2 Chris Summers            Alex Lintuniemi                                   40     1   2  2  

Penalty Kill 4 Players Forward 
   Center                   Wing                     Time % Phy DF OF 
 1 Laurent Dauphin          Iiro Pakarinen           60     1   2  2  
 2 Jacob De La Rose         Scott Wilson             40     1   2  2  

Penalty Kill 4 Players Defense
   Defense                  Defense                  Time % Phy DF OF 
 1 Jamie Oleksiak           Derrick Pouliot          60     1   2  2  
 2 Chris Summers            Alex Lintuniemi          40     1   2  2  

Penalty Kill - 3 Players Forward 
   Forward                                           Time % Phy DF OF 
 1 Laurent Dauphin                                   60     1   2  2  
 2 Iiro Pakarinen                                    40     1   2  2  

Penalty Kill - 3 Players Defense
   Defense                  Defense                  Time % Phy DF OF 
 1 Jamie Oleksiak           Derrick Pouliot          60     1   2  2  
 2 Chris Summers            Alex Lintuniemi          40     1   2  2  

4 vs 4 Forward 
   Center                   Wing                     Time % Phy DF OF 
 1 Laurent Dauphin          Iiro Pakarinen           60     1   2  2  
 2 Jacob De La Rose         Scott Wilson             40     1   2  2  

4 vs 4 Defense
   Defense                  Defense                  Time % Phy DF OF 
 1 Jamie Oleksiak           Derrick Pouliot          60     1   2  2  
 2 Chris Summers            Alex Lintuniemi          40     1   2  2  

Last Minutes Offensive
   Center                   Left Wing                Right Wing               Defense                  Defense                  
   Laurent Dauphin          Iiro Pakarinen           Scott Wilson             Jamie Oleksiak           Derrick Pouliot          

Last Minutes Defensive
   Center                   Left Wing                Right Wing               Defense                  Defense                  
   Laurent Dauphin          Iiro Pakarinen           Scott Wilson             Jamie Oleksiak           Derrick Pouliot          

Goaltenders
Starting : Anthony Stolarz          
Backup : Ville Husso              

Extra Forwards
Normal : Stanislav Galiev, Matt White, Zach Sill - PP : Stanislav Galiev, Matt White - PK : Zach Sill
Extra Defensemen
Normal : Maxime Fortunus, Ludwig Bystrom, Chris Summers - PP : Maxime Fortunus - PK : Ludwig Bystrom, Chris Summers
Penalty Shots
Laurent Dauphin, Iiro Pakarinen, Jacob De La Rose, Scott Wilson, Rocco Grimaldi

Scratches
Justin Kea (Healthy), Clark Bishop (Healthy), Chris McCarthy (Healthy), Braden Christoffer (Healthy)

Texas Stars

5 vs 5 Forward 
   Center                   Left Wing                Right Wing               Time % Phy DF OF 
 1 Phil Varone              Brooks Laich             Mike Sislo               40     1   2  2  
 2 Michael Bournival        Michael Dal Colle        Garnet Hathaway          30     1   2  2  
 3 Joseph Cramarossa        Danick Martel            Connor Brickley          20     1   2  2  
 4 Luke Johnson             Tobias Lindberg          Alex Schoenborn          10     1   2  2  

5 vs 5 Defense 
   Defense                  Defense                                           Time % Phy DF OF 
 1 Patrik Nemeth            Brad Hunt                                         40     1   2  2  
 2 Luke Witkowski           Ryan Murphy                                       30     1   2  2  
 3 Jacob Graves             Damir Sharipzianov                                20     1   2  2  
 4 Patrik Nemeth            Brad Hunt                                         10     1   2  2  

PowerPlay Forward 
   Center                   Left Wing                Right Wing               Time % Phy DF OF 
 1 Phil Varone              Brooks Laich             Mike Sislo               60     1   2  2  
 2 Michael Bournival        Michael Dal Colle        Garnet Hathaway          40     1   2  2  

PowerPlay Defense
   Defense                  Defense                                           Time % Phy DF OF 
 1 Patrik Nemeth            Brad Hunt                                         60     1   2  2  
 2 Luke Witkowski           Ryan Murphy                                       40     1   2  2  

Penalty Kill 4 Players Forward 
   Center                   Wing                     Time % Phy DF OF 
 1 Phil Varone              Mike Sislo               60     1   2  2  
 2 Brooks Laich             Michael Dal Colle        40     1   2  2  

Penalty Kill 4 Players Defense
   Defense                  Defense                  Time % Phy DF OF 
 1 Patrik Nemeth            Brad Hunt                60     1   2  2  
 2 Luke Witkowski           Ryan Murphy              40     1   2  2  

Penalty Kill - 3 Players Forward 
   Forward                                           Time % Phy DF OF 
 1 Phil Varone                                       60     1   2  2  
 2 Mike Sislo                                        40     1   2  2  

Penalty Kill - 3 Players Defense
   Defense                  Defense                  Time % Phy DF OF 
 1 Patrik Nemeth            Brad Hunt                60     1   2  2  
 2 Luke Witkowski           Ryan Murphy              40     1   2  2  

4 vs 4 Forward 
   Center                   Wing                     Time % Phy DF OF 
 1 Phil Varone              Mike Sislo               60     1   2  2  
 2 Brooks Laich             Michael Dal Colle        40     1   2  2  

4 vs 4 Defense
   Defense                  Defense                  Time % Phy DF OF 
 1 Patrik Nemeth            Brad Hunt                60     1   2  2  
 2 Luke Witkowski           Ryan Murphy              40     1   2  2  

Last Minutes Offensive
   Center                   Left Wing                Right Wing               Defense                  Defense                  
   Phil Varone              Brooks Laich             Mike Sislo               Patrik Nemeth            Brad Hunt                

Last Minutes Defensive
   Center                   Left Wing                Right Wing               Defense                  Defense                  
   Phil Varone              Brooks Laich             Mike Sislo               Patrik Nemeth            Brad Hunt                

Goaltenders
Starting : Malcolm Subban           
Backup : Unknown Goalie           

Extra Forwards
Normal : Joseph Cramarossa, Danick Martel, Connor Brickley - PP : Joseph Cramarossa, Danick Martel - PK : Connor Brickley
Extra Defensemen
Normal : Jacob Graves, Damir Sharipzianov, Luke Witkowski - PP : Jacob Graves - PK : Damir Sharipzianov, Luke Witkowski
Penalty Shots
Phil Varone, Mike Sislo, Brooks Laich, Michael Dal Colle, Michael Bournival

Scratches
Dustin Tokarski (Healthy)

% Time on Ice - Chicoutimi Sagueneens

Lines # - Real PCT - Wanted PCT - Time Play
Normal Forward
1 - 35% - 40% - 17:34
2 - 25% - 30% - 12:29
3 - 24% - 20% - 12:03
4 - 15% - 10% - 7:42
Normal Defense
1 - 40% - 40% - 20:07
2 - 28% - 30% - 14:08
3 - 27% - 20% - 13:12
4 - 5% - 10% - 2:21
PP Forward
1 - 56% - 60% - 3:37
2 - 44% - 40% - 2:53
PP Defense
1 - 62% - 60% - 4:03
2 - 38% - 40% - 2:27
PK Forward
1 - 78% - 60% - 2:53
2 - 22% - 40% - 0:49
PK Defense
1 - 55% - 60% - 2:01
2 - 45% - 40% - 1:41
PK3 Forward
1 - 0% - 60%
2 - 0% - 40%
PK3 Defense
1 - 0% - 60%
2 - 0% - 40%
44 Forward
1 - 0% - 60%
2 - 0% - 40%
44 Defense
1 - 0% - 60%
2 - 0% - 40%
Last Minute Offensive  - 0:00
Last Minute Defensive  - 0:00
Total
Forward - 60:00
Defense - 60:00

% Time on Ice - Texas Stars

Lines # - Real PCT - Wanted PCT - Time Play
Normal Forward
1 - 33% - 40% - 16:36
2 - 27% - 30% - 13:21
3 - 24% - 20% - 12:00
4 - 16% - 10% - 7:51
Normal Defense
1 - 39% - 40% - 19:13
2 - 34% - 30% - 16:51
3 - 25% - 20% - 12:13
4 - 3% - 10% - 1:31
PP Forward
1 - 68% - 60% - 2:30
2 - 32% - 40% - 1:12
PP Defense
1 - 79% - 60% - 2:56
2 - 21% - 40% - 0:46
PK Forward
1 - 77% - 60% - 4:59
2 - 23% - 40% - 1:31
PK Defense
1 - 63% - 60% - 4:05
2 - 37% - 40% - 2:25
PK3 Forward
1 - 0% - 60%
2 - 0% - 40%
PK3 Defense
1 - 0% - 60%
2 - 0% - 40%
44 Forward
1 - 0% - 60%
2 - 0% - 40%
44 Defense
1 - 0% - 60%
2 - 0% - 40%
Last Minute Offensive  - 0:00
Last Minute Defensive  - 0:00
Total
Forward - 60:00
Defense - 60:00

Play by Play

1st period


0:01 of 1st period - Phil Varone wins face-off versus Laurent Dauphin in neutral zone.
0:19 of 1st period - Minor Penalty to Phil Varone for Holding Stick.
0:20 of 1st period - Laurent Dauphin wins face-off versus Connor Brickley in Texas Stars zone.
0:52 of 1st period - Slapshot by Rocco Grimaldi.
0:52 of 1st period - Goal by Rocco Grimaldi - Chicoutimi Sagueneens : 1 - Texas Stars : 0.
0:53 of 1st period - Michael Bournival wins face-off versus Jacob De La Rose in neutral zone.
0:58 of 1st period - Snap shot by Michael Bournival.
0:58 of 1st period - Stopped by Anthony Stolarz without a rebound.
0:59 of 1st period - Jacob De La Rose wins face-off versus Michael Bournival in Chicoutimi Sagueneens zone.
1:14 of 1st period - Snap shot by Michael Bournival.
1:14 of 1st period - Shot Hit the Post.
2:55 of 1st period - Slapshot by Connor Brickley.
2:55 of 1st period - Stopped by Anthony Stolarz with a rebound.
3:01 of 1st period - Slapshot by Miikka Salomaki.
3:01 of 1st period - Deflect By Stanislav Galiev.
3:01 of 1st period - Stopped by Malcolm Subban without a rebound.
3:02 of 1st period - Phil Varone wins face-off versus Laurent Dauphin in Texas Stars zone.
3:09 of 1st period - Wrist shot by Brooks Laich.
3:09 of 1st period - Deflect By Phil Varone.
3:09 of 1st period - Stopped by Anthony Stolarz with a rebound.
3:50 of 1st period - Slapshot by Connor Brickley.
3:50 of 1st period - Stopped by Anthony Stolarz without a rebound.
3:51 of 1st period - Luke Johnson wins face-off versus Miikka Salomaki in Chicoutimi Sagueneens zone.
5:40 of 1st period - Derrick Pouliot is hit by Michael Bournival and loses puck.
6:00 of 1st period - Ryan Murphy is hit by Iiro Pakarinen and loses puck.
6:15 of 1st period - Snap shot by Danick Martel.
6:15 of 1st period - Deflect By Connor Brickley.
6:15 of 1st period - Shot Misses the Net.
6:15 of 1st period - Puck is out of play.
6:16 of 1st period - Laurent Dauphin wins face-off versus Joseph Cramarossa in Chicoutimi Sagueneens zone.
6:31 of 1st period - Snap shot by Rocco Grimaldi.
6:31 of 1st period - Shot Misses the Net.
6:48 of 1st period - Wrist shot by Mike Sislo.
6:48 of 1st period - Shot Misses the Net.
6:50 of 1st period - Slapshot by Patrik Nemeth.
6:50 of 1st period - Shot Misses the Net.
6:52 of 1st period - Snap shot by Brooks Laich.
6:52 of 1st period - Shot Blocked by Jamie Oleksiak.
6:54 of 1st period - Slapshot by Patrik Nemeth.
6:54 of 1st period - Shot Misses the Net.
7:39 of 1st period - Wrist shot by Rocco Grimaldi.
7:39 of 1st period - Shot Blocked by Luke Johnson.
9:25 of 1st period - Snap shot by Jean Dupuy.
9:25 of 1st period - Stopped by Malcolm Subban with a rebound.
10:11 of 1st period - Wrist shot by Stanislav Galiev.
10:11 of 1st period - Stopped by Malcolm Subban without a rebound.
10:12 of 1st period - Matt White wins face-off versus Luke Johnson in Texas Stars zone.
10:33 of 1st period - Minor Penalty to Luke Johnson for Delaying the game.
10:34 of 1st period - Laurent Dauphin wins face-off versus Phil Varone in Texas Stars zone.
10:39 of 1st period - Snap shot by Scott Wilson.
10:39 of 1st period - Stopped by Malcolm Subban with a rebound.
11:13 of 1st period - Snap shot by Brooks Laich.
11:13 of 1st period - Stopped by Anthony Stolarz without a rebound.
11:14 of 1st period - Phil Varone wins face-off versus Jacob De La Rose in Chicoutimi Sagueneens zone.
11:27 of 1st period - Snap shot by Gabriel Bourque.
11:27 of 1st period - Stopped by Malcolm Subban without a rebound.
11:28 of 1st period - Phil Varone wins face-off versus Laurent Dauphin in Texas Stars zone.
12:11 of 1st period - Snap shot by Rocco Grimaldi.
12:11 of 1st period - Shot Blocked by Brooks Laich.
12:33 of 1st period - Penalty to Luke Johnson is over, Luke Johnson is back on ice.
13:00 of 1st period - Slapshot by Jean Dupuy.
13:00 of 1st period - Stopped by Malcolm Subban with a rebound.
13:02 of 1st period - Snap shot by Zach Sill.
13:02 of 1st period - Stopped by Malcolm Subban without a rebound.
13:03 of 1st period - Connor Brickley wins face-off versus Scott Wilson in Texas Stars zone.
13:05 of 1st period - Minor Penalty to Danick Martel for Slashing.
13:06 of 1st period - Mike Sislo wins face-off versus Laurent Dauphin in Texas Stars zone.
13:46 of 1st period - Wrist shot by Brooks Laich.
13:46 of 1st period - Shot Blocked by Jamie Oleksiak.
15:05 of 1st period - Penalty to Danick Martel is over, Danick Martel is back on ice.
15:31 of 1st period - Snap shot by Phil Varone.
15:31 of 1st period - Stopped by Anthony Stolarz without a rebound.
15:32 of 1st period - Matt White wins face-off versus Michael Bournival in Chicoutimi Sagueneens zone.
15:42 of 1st period - Wrist shot by Garnet Hathaway.
15:42 of 1st period - Shot Blocked by Miikka Salomaki.
15:59 of 1st period - Jacob Graves is hit by Laurent Dauphin.
16:16 of 1st period - Icing by Derrick Pouliot.
16:17 of 1st period - Jacob De La Rose wins face-off versus Joseph Cramarossa in Chicoutimi Sagueneens zone.
16:39 of 1st period - Off-side.
16:40 of 1st period - Laurent Dauphin wins face-off versus Michael Bournival in neutral zone.
16:45 of 1st period - Wrist shot by Michael Bournival.
16:45 of 1st period - Shot Blocked by Scott Wilson.
16:51 of 1st period - Wrist shot by Scott Wilson.
16:51 of 1st period - Deflect By Rocco Grimaldi.
16:51 of 1st period - Stopped by Malcolm Subban without a rebound.
16:52 of 1st period - Laurent Dauphin wins face-off versus Phil Varone in Texas Stars zone.
17:45 of 1st period - Wrist shot by Tobias Lindberg.
17:45 of 1st period - Shot Blocked by Jamie Oleksiak.
17:54 of 1st period - Snap shot by Tobias Lindberg.
17:54 of 1st period - Shot Blocked by Jamie Oleksiak.
18:26 of 1st period - Mike Brown is hit by Joseph Cramarossa and loses puck.
18:31 of 1st period - Wrist shot by Danick Martel.
18:31 of 1st period - Deflect By Joseph Cramarossa.
18:31 of 1st period - Shot Misses the Net.
18:31 of 1st period - Puck is out of play.
18:32 of 1st period - Phil Varone wins face-off versus Laurent Dauphin in Chicoutimi Sagueneens zone.
18:41 of 1st period - Wrist shot by Phil Varone.
18:41 of 1st period - Shot Misses the Net.
18:43 of 1st period - Slapshot by Brad Hunt.
18:43 of 1st period - Deflect By Rocco Grimaldi.
18:43 of 1st period - Stopped by Anthony Stolarz without a rebound.
18:44 of 1st period - Phil Varone wins face-off versus Laurent Dauphin in Chicoutimi Sagueneens zone.
18:57 of 1st period - Wrist shot by Rocco Grimaldi.
18:57 of 1st period - Shot Blocked by Brooks Laich.
18:59 of 1st period - Slapshot by Alex Lintuniemi.
18:59 of 1st period - Stopped by Malcolm Subban with a rebound.
19:32 of 1st period - Wrist shot by Connor Brickley.
19:32 of 1st period - Shot Hit the Post.
19:50 of 1st period - Luke Johnson is hit by Jamie Oleksiak and loses puck.
Goals for this period are 1 for Chicoutimi Sagueneens vs 0 for Texas Stars.
Shots for this period are 10 for Chicoutimi Sagueneens vs 7 for Texas Stars.

2nd period


0:01 of 2nd period - Phil Varone wins face-off versus Laurent Dauphin in neutral zone.
0:06 of 2nd period - Slapshot by Brad Hunt.
0:06 of 2nd period - Shot Blocked by Derrick Pouliot.
0:16 of 2nd period - Wrist shot by Scott Wilson.
0:16 of 2nd period - Shot Blocked by Patrik Nemeth.
0:33 of 2nd period - Derrick Pouliot is hit by Phil Varone and loses puck.
0:38 of 2nd period - Snap shot by Phil Varone.
0:38 of 2nd period - Deflect By Brooks Laich.
0:38 of 2nd period - Shot Misses the Net.
0:38 of 2nd period - Puck is out of play.
0:39 of 2nd period - Michael Bournival wins face-off versus Laurent Dauphin in Chicoutimi Sagueneens zone.
0:40 of 2nd period - Snap shot by Michael Dal Colle.
0:40 of 2nd period - Goal by Michael Dal Colle - Chicoutimi Sagueneens : 1 - Texas Stars : 1.
0:41 of 2nd period - Laurent Dauphin wins face-off versus Phil Varone in neutral zone.
0:46 of 2nd period - Snap shot by Rocco Grimaldi.
0:46 of 2nd period - Stopped by Malcolm Subban with a rebound.
0:48 of 2nd period - Slapshot by Laurent Dauphin.
0:48 of 2nd period - Shot Misses the Net.
1:06 of 2nd period - Brad Hunt is hit by Jamie Oleksiak and loses puck.
1:14 of 2nd period - Off-side.
1:15 of 2nd period - Brooks Laich wins face-off versus Scott Wilson in neutral zone.
1:18 of 2nd period - Wrist shot by Phil Varone.
1:18 of 2nd period - Stopped by Anthony Stolarz with a rebound.
1:30 of 2nd period - Snap shot by Laurent Dauphin.
1:30 of 2nd period - Stopped by Malcolm Subban without a rebound.
1:31 of 2nd period - Jacob De La Rose wins face-off versus Michael Bournival in Texas Stars zone.
1:32 of 2nd period - Slapshot by Iiro Pakarinen.
1:32 of 2nd period - Deflect By Michael Bournival.
1:32 of 2nd period - Shot Misses the Net.
1:32 of 2nd period - Puck is out of play.
1:33 of 2nd period - Michael Bournival wins face-off versus Jacob De La Rose in Texas Stars zone.
1:33 of 2nd period - Michael Bournival is hit by Iiro Pakarinen.
1:39 of 2nd period - Slapshot by Brad Hunt.
1:39 of 2nd period - Stopped by Anthony Stolarz with a rebound.
1:41 of 2nd period - Snap shot by Michael Bournival.
1:41 of 2nd period - Stopped by Anthony Stolarz with a rebound.
1:43 of 2nd period - Slapshot by Patrik Nemeth.
1:43 of 2nd period - Shot Misses the Net.
1:47 of 2nd period - Wrist shot by Michael Bournival.
1:47 of 2nd period - Stopped by Anthony Stolarz without a rebound.
1:48 of 2nd period - Phil Varone wins face-off versus Laurent Dauphin in Chicoutimi Sagueneens zone.
2:04 of 2nd period - Wrist shot by Phil Varone.
2:04 of 2nd period - Stopped by Anthony Stolarz with a rebound.
2:10 of 2nd period - Derrick Pouliot is hit by Phil Varone and loses puck.
2:19 of 2nd period - Snap shot by Scott Wilson.
2:19 of 2nd period - Stopped by Malcolm Subban without a rebound.
2:20 of 2nd period - Gabriel Bourque wins face-off versus Michael Bournival in Texas Stars zone.
2:31 of 2nd period - Slapshot by Iiro Pakarinen.
2:31 of 2nd period - Shot Blocked by Michael Dal Colle.
2:33 of 2nd period - Snap shot by Iiro Pakarinen.
2:33 of 2nd period - Stopped by Malcolm Subban without a rebound.
2:34 of 2nd period - Rocco Grimaldi wins face-off versus Phil Varone in Texas Stars zone.
2:35 of 2nd period - Wrist shot by Scott Wilson.
2:35 of 2nd period - Shot Misses the Net.
3:03 of 2nd period - Off-side.
3:04 of 2nd period - Jacob De La Rose wins face-off versus Joseph Cramarossa in neutral zone.
3:12 of 2nd period - Chris Summers is hit by Joseph Cramarossa and loses puck.
4:04 of 2nd period - Snap shot by Phil Varone.
4:04 of 2nd period - Shot Misses the Net.
4:15 of 2nd period - Icing by Laurent Dauphin.
4:16 of 2nd period - Joseph Cramarossa wins face-off versus Laurent Dauphin in Chicoutimi Sagueneens zone.
4:17 of 2nd period - Slapshot by Brad Hunt.
4:17 of 2nd period - Shot Blocked by Derrick Pouliot.
4:21 of 2nd period - Slapshot by Danick Martel.
4:21 of 2nd period - Stopped by Anthony Stolarz without a rebound.
4:22 of 2nd period - Joseph Cramarossa wins face-off versus Jacob De La Rose in Chicoutimi Sagueneens zone.
4:41 of 2nd period - Brad Hunt is hit by Derrick Pouliot and loses puck.
5:02 of 2nd period - Off-side.
5:03 of 2nd period - Rocco Grimaldi wins face-off versus Phil Varone in neutral zone.
5:17 of 2nd period - Icing by Scott Wilson.
5:18 of 2nd period - Laurent Dauphin wins face-off versus Michael Bournival in Chicoutimi Sagueneens zone.
5:51 of 2nd period - Snap shot by Brooks Laich.
5:51 of 2nd period - Stopped by Anthony Stolarz with a rebound.
6:35 of 2nd period - Slapshot by Patrik Nemeth.
6:35 of 2nd period - Shot Blocked by Laurent Dauphin.
6:54 of 2nd period - Snap shot by Gabriel Bourque.
6:54 of 2nd period - Stopped by Malcolm Subban with a rebound.
7:42 of 2nd period - Slapshot by Matt White.
7:42 of 2nd period - Shot Misses the Net.
7:44 of 2nd period - Slapshot by Maxime Fortunus.
7:44 of 2nd period - Shot Blocked by Connor Brickley.
7:46 of 2nd period - Snap shot by Stanislav Galiev.
7:46 of 2nd period - Shot Blocked by Connor Brickley.
7:48 of 2nd period - Snap shot by Miikka Salomaki.
7:48 of 2nd period - Stopped by Malcolm Subban with a rebound.
7:50 of 2nd period - Wrist shot by Miikka Salomaki.
7:50 of 2nd period - Deflect By Luke Witkowski.
7:50 of 2nd period - Stopped by Malcolm Subban with a rebound.
7:52 of 2nd period - Snap shot by Miikka Salomaki.
7:52 of 2nd period - Shot Misses the Net.
7:54 of 2nd period - Slapshot by Maxime Fortunus.
7:54 of 2nd period - Shot Blocked by Joseph Cramarossa.
7:56 of 2nd period - Snap shot by Miikka Salomaki.
7:56 of 2nd period - Shot Misses the Net.
7:58 of 2nd period - Snap shot by Matt White.
7:58 of 2nd period - Stopped by Malcolm Subban with a rebound.
8:00 of 2nd period - Wrist shot by Matt White.
8:00 of 2nd period - Stopped by Malcolm Subban without a rebound.
8:01 of 2nd period - Phil Varone wins face-off versus Jacob De La Rose in Texas Stars zone.
8:01 of 2nd period - Mike Sislo is hit by Iiro Pakarinen and loses puck.
8:33 of 2nd period - Snap shot by Mike Sislo.
8:33 of 2nd period - Shot Hit the Post.
9:32 of 2nd period - Chris Summers is hit by Michael Dal Colle and loses puck.
10:05 of 2nd period - Off-side.
10:06 of 2nd period - Matt White wins face-off versus Joseph Cramarossa in neutral zone.
10:22 of 2nd period - Joseph Cramarossa is hit by Chris Summers and loses puck.
12:05 of 2nd period - Wrist shot by Mike Sislo.
12:05 of 2nd period - Stopped by Anthony Stolarz with a rebound.
12:33 of 2nd period - Garnet Hathaway is hit by Scott Wilson and loses puck.
14:51 of 2nd period - Garnet Hathaway is hit by Laurent Dauphin and loses puck.
16:01 of 2nd period - Wrist shot by Rocco Grimaldi.
16:01 of 2nd period - Shot Misses the Net.
16:18 of 2nd period - Alex Lintuniemi is hit by Alex Schoenborn and loses puck.
16:39 of 2nd period - Slapshot by Danick Martel.
16:39 of 2nd period - Shot Blocked by Matt White.
16:49 of 2nd period - Matt White is hit by Brooks Laich and loses puck.
17:01 of 2nd period - Phil Varone is hit by Miikka Salomaki and loses puck.
17:14 of 2nd period - Ludwig Bystrom is hit by Luke Witkowski and loses puck.
17:21 of 2nd period - Derrick Pouliot is hit by Luke Johnson.
17:39 of 2nd period - Alex Schoenborn is hit by Matt White and loses puck.
17:48 of 2nd period - Snap shot by Matt White.
17:48 of 2nd period - Stopped by Malcolm Subban with a rebound.
17:50 of 2nd period - Slapshot by Ludwig Bystrom.
17:50 of 2nd period - Shot Blocked by Brad Hunt.
17:52 of 2nd period - Snap shot by Stanislav Galiev.
17:52 of 2nd period - Goal by Stanislav Galiev - Chicoutimi Sagueneens : 2 - Texas Stars : 1.
17:53 of 2nd period - Phil Varone wins face-off versus Scott Wilson in neutral zone.
18:04 of 2nd period - Snap shot by Mike Sislo.
18:04 of 2nd period - Shot Misses the Net.
18:16 of 2nd period - Minor Penalty to Jamie Oleksiak for Holding.
18:17 of 2nd period - Laurent Dauphin wins face-off versus Phil Varone in Chicoutimi Sagueneens zone.
18:30 of 2nd period - Snap shot by Phil Varone.
18:30 of 2nd period - Stopped by Anthony Stolarz without a rebound.
18:31 of 2nd period - Phil Varone wins face-off versus Laurent Dauphin in Chicoutimi Sagueneens zone.
18:44 of 2nd period - Wrist shot by Brooks Laich.
18:44 of 2nd period - Deflect By Mike Sislo.
18:44 of 2nd period - Stopped by Anthony Stolarz with a rebound.
18:46 of 2nd period - Slapshot by Brad Hunt.
18:46 of 2nd period - Deflect By Phil Varone.
18:46 of 2nd period - Shot Blocked by Iiro Pakarinen.
18:46 of 2nd period - Puck is out of play.
18:47 of 2nd period - Phil Varone wins face-off versus Laurent Dauphin in Chicoutimi Sagueneens zone.
19:45 of 2nd period - Scott Wilson is hit by Garnet Hathaway and loses puck.
Goals for this period are 1 for Chicoutimi Sagueneens vs 1 for Texas Stars.
Shots for this period are 11 for Chicoutimi Sagueneens vs 11 for Texas Stars.

3rd period


0:01 of 3rd period - Phil Varone wins face-off versus Laurent Dauphin in neutral zone.
0:16 of 3rd period - Penalty to Jamie Oleksiak is over, Jamie Oleksiak is back on ice.
0:30 of 3rd period - Wrist shot by Garnet Hathaway.
0:30 of 3rd period - Stopped by Anthony Stolarz with a rebound.
0:32 of 3rd period - Backhand shot by Luke Witkowski.
0:32 of 3rd period - Shot Blocked by Mike Brown.
0:34 of 3rd period - Wrist shot by Michael Dal Colle.
0:34 of 3rd period - Goal by Michael Dal Colle - Chicoutimi Sagueneens : 2 - Texas Stars : 2.
0:35 of 3rd period - Laurent Dauphin wins face-off versus Phil Varone in neutral zone.
0:51 of 3rd period - Minor Penalty to Mike Sislo for Tripping.
0:52 of 3rd period - Laurent Dauphin wins face-off versus Phil Varone in Texas Stars zone.
1:00 of 3rd period - Laurent Dauphin is hit by Connor Brickley and loses puck.
2:51 of 3rd period - Penalty to Mike Sislo is over, Mike Sislo is back on ice.
2:51 of 3rd period - Ryan Murphy is hit by Jacob De La Rose and loses puck.
3:02 of 3rd period - Michael Dal Colle is hit by Jamie Oleksiak and loses puck.
3:19 of 3rd period - Minor Penalty to Miikka Salomaki for Tripping.
3:20 of 3rd period - Phil Varone wins face-off versus Laurent Dauphin in Chicoutimi Sagueneens zone.
3:25 of 3rd period - Wrist shot by Phil Varone.
3:25 of 3rd period - Deflect By Laurent Dauphin.
3:25 of 3rd period - Stopped by Anthony Stolarz without a rebound.
3:26 of 3rd period - Phil Varone wins face-off versus Laurent Dauphin in Chicoutimi Sagueneens zone.
3:27 of 3rd period - Snap shot by Mike Sislo.
3:27 of 3rd period - Shot Misses the Net.
4:01 of 3rd period - Wrist shot by Michael Bournival.
4:01 of 3rd period - Stopped by Anthony Stolarz with a rebound.
4:03 of 3rd period - Wrist shot by Garnet Hathaway.
4:03 of 3rd period - Goal by Garnet Hathaway - Chicoutimi Sagueneens : 2 - Texas Stars : 3.
4:04 of 3rd period - Phil Varone wins face-off versus Laurent Dauphin in neutral zone.
4:09 of 3rd period - Snap shot by Scott Wilson.
4:09 of 3rd period - Stopped by Malcolm Subban with a rebound.
4:15 of 3rd period - Snap shot by Patrik Nemeth.
4:15 of 3rd period - Shot Blocked by Jamie Oleksiak.
4:32 of 3rd period - Slapshot by Derrick Pouliot.
4:32 of 3rd period - Shot Misses the Net.
4:34 of 3rd period - Slapshot by Jamie Oleksiak.
4:34 of 3rd period - Stopped by Malcolm Subban without a rebound.
4:35 of 3rd period - Jacob De La Rose wins face-off versus Michael Bournival in Texas Stars zone.
4:48 of 3rd period - Michael Dal Colle is hit by Alex Lintuniemi and loses puck.
5:04 of 3rd period - Wrist shot by Michael Bournival.
5:04 of 3rd period - Stopped by Anthony Stolarz with a rebound.
5:12 of 3rd period - Snap shot by Iiro Pakarinen.
5:12 of 3rd period - Stopped by Malcolm Subban without a rebound.
5:13 of 3rd period - Laurent Dauphin wins face-off versus Phil Varone in Texas Stars zone.
5:14 of 3rd period - Snap shot by Scott Wilson.
5:14 of 3rd period - Stopped by Malcolm Subban with a rebound.
5:26 of 3rd period - Snap shot by Scott Wilson.
5:26 of 3rd period - Shot Blocked by Patrik Nemeth.
5:40 of 3rd period - Patrik Nemeth is hit by Miikka Salomaki and loses puck.
6:03 of 3rd period - Snap shot by Jean Dupuy.
6:03 of 3rd period - Shot Misses the Net.
6:12 of 3rd period - Off-side.
6:13 of 3rd period - Phil Varone wins face-off versus Rocco Grimaldi in neutral zone.
6:50 of 3rd period - Snap shot by Miikka Salomaki.
6:50 of 3rd period - Shot Misses the Net.
7:30 of 3rd period - Slapshot by Luke Witkowski.
7:30 of 3rd period - Deflect By Tobias Lindberg.
7:30 of 3rd period - Shot Misses the Net.
7:30 of 3rd period - Puck is out of play.
7:31 of 3rd period - Phil Varone wins face-off versus Jacob De La Rose in Chicoutimi Sagueneens zone.
8:05 of 3rd period - Slapshot by Patrik Nemeth.
8:05 of 3rd period - Shot Blocked by Scott Wilson.
9:44 of 3rd period - Slapshot by Jean Dupuy.
9:44 of 3rd period - Stopped by Malcolm Subban without a rebound.
9:45 of 3rd period - Phil Varone wins face-off versus Jean Dupuy in Texas Stars zone.
9:45 of 3rd period - Phil Varone is hit by Alex Lintuniemi.
10:23 of 3rd period - Wrist shot by Michael Bournival.
10:23 of 3rd period - Deflect By Garnet Hathaway.
10:23 of 3rd period - Shot Misses the Net.
10:23 of 3rd period - Puck is out of play.
10:24 of 3rd period - Jacob De La Rose wins face-off versus Joseph Cramarossa in Chicoutimi Sagueneens zone.
10:50 of 3rd period - Derrick Pouliot is hit by Brad Hunt and loses puck.
11:20 of 3rd period - Snap shot by Zach Sill.
11:20 of 3rd period - Shot Blocked by Damir Sharipzianov.
12:25 of 3rd period - Wrist shot by Mike Sislo.
12:25 of 3rd period - Stopped by Anthony Stolarz with a rebound.
12:43 of 3rd period - Wrist shot by Garnet Hathaway.
12:43 of 3rd period - Stopped by Anthony Stolarz with a rebound.
12:45 of 3rd period - Slapshot by Michael Bournival.
12:45 of 3rd period - Stopped by Anthony Stolarz with a rebound.
12:47 of 3rd period - Slapshot by Michael Dal Colle.
12:47 of 3rd period - Shot Misses the Net.
12:49 of 3rd period - Wrist shot by Michael Bournival.
12:49 of 3rd period - Goal by Michael Bournival - Chicoutimi Sagueneens : 2 - Texas Stars : 4.
12:50 of 3rd period - Phil Varone wins face-off versus Laurent Dauphin in neutral zone.
12:55 of 3rd period - Scott Wilson is hit by Brooks Laich and loses puck.
13:06 of 3rd period - Snap shot by Brooks Laich.
13:06 of 3rd period - Stopped by Anthony Stolarz with a rebound.
13:25 of 3rd period - Off-side.
13:26 of 3rd period - Phil Varone wins face-off versus Laurent Dauphin in neutral zone.
13:55 of 3rd period - Snap shot by Danick Martel.
13:55 of 3rd period - Shot Hit the Post.
13:57 of 3rd period - Wrist shot by Connor Brickley.
13:57 of 3rd period - Stopped by Anthony Stolarz without a rebound.
13:58 of 3rd period - Jacob De La Rose wins face-off versus Joseph Cramarossa in Chicoutimi Sagueneens zone.
14:14 of 3rd period - Wrist shot by Jacob De La Rose.
14:14 of 3rd period - Stopped by Malcolm Subban with a rebound.
14:24 of 3rd period - Brooks Laich is hit by Stanislav Galiev and loses puck.
14:35 of 3rd period - Slapshot by Phil Varone.
14:35 of 3rd period - Stopped by Anthony Stolarz with a rebound.
14:53 of 3rd period - Michael Bournival is hit by Zach Sill and loses puck.
15:34 of 3rd period - Wrist shot by Danick Martel.
15:34 of 3rd period - Shot Blocked by Jacob De La Rose.
15:50 of 3rd period - Ludwig Bystrom is hit by Luke Witkowski and loses puck.
16:01 of 3rd period - Wrist shot by Mike Sislo.
16:01 of 3rd period - Shot Blocked by Maxime Fortunus.
16:11 of 3rd period - Miikka Salomaki is hit by Garnet Hathaway.
16:21 of 3rd period - Matt White is hit by Michael Bournival.
16:31 of 3rd period - Jamie Oleksiak is hit by Luke Johnson and loses puck.
16:38 of 3rd period - Wrist shot by Brad Hunt.
16:38 of 3rd period - Stopped by Anthony Stolarz with a rebound.
16:40 of 3rd period - Wrist shot by Tobias Lindberg.
16:40 of 3rd period - Shot Misses the Net.
16:42 of 3rd period - Wrist shot by Luke Johnson.
16:42 of 3rd period - Deflect By Alex Schoenborn.
16:42 of 3rd period - Shot Misses the Net.
16:42 of 3rd period - Puck is out of play.
16:43 of 3rd period - Phil Varone wins face-off versus Matt White in Chicoutimi Sagueneens zone.
17:20 of 3rd period - Snap shot by Connor Brickley.
17:20 of 3rd period - Shot Misses the Net.
17:34 of 3rd period - Wrist shot by Michael Dal Colle.
17:34 of 3rd period - Shot Blocked by Jamie Oleksiak.
17:36 of 3rd period - Wrist shot by Patrik Nemeth.
17:36 of 3rd period - Stopped by Anthony Stolarz with a rebound.
17:38 of 3rd period - Snap shot by Garnet Hathaway.
17:38 of 3rd period - Stopped by Anthony Stolarz with a rebound.
17:40 of 3rd period - Snap shot by Michael Dal Colle.
17:40 of 3rd period - Shot Misses the Net.
17:54 of 3rd period - Snap shot by Zach Sill.
17:54 of 3rd period - Stopped by Malcolm Subban without a rebound.
17:55 of 3rd period - Zach Sill wins face-off versus Joseph Cramarossa in Texas Stars zone.
17:59 of 3rd period - Luke Witkowski and Chris Summers fight to a draw.
17:59 of 3rd period - Penalty to Luke Witkowski for Fighting.
17:59 of 3rd period - Penalty to Chris Summers for Fighting.
18:00 of 3rd period - Laurent Dauphin wins face-off versus Phil Varone in Texas Stars zone.
18:07 of 3rd period - Slapshot by Scott Wilson.
18:07 of 3rd period - Stopped by Malcolm Subban with a rebound.
18:09 of 3rd period - Backhand shot by Laurent Dauphin.
18:09 of 3rd period - Shot Misses the Net.
18:11 of 3rd period - Snap shot by Laurent Dauphin.
18:11 of 3rd period - Stopped by Malcolm Subban without a rebound.
18:12 of 3rd period - Laurent Dauphin wins face-off versus Joseph Cramarossa in Texas Stars zone.
18:17 of 3rd period - Wrist shot by Rocco Grimaldi.
18:17 of 3rd period - Deflect By Laurent Dauphin.
18:17 of 3rd period - Stopped by Malcolm Subban without a rebound.
18:18 of 3rd period - Laurent Dauphin wins face-off versus Joseph Cramarossa in Texas Stars zone.
18:23 of 3rd period - Wrist shot by Laurent Dauphin.
18:23 of 3rd period - Stopped by Malcolm Subban without a rebound.
18:24 of 3rd period - Laurent Dauphin wins face-off versus Joseph Cramarossa in Texas Stars zone.
18:49 of 3rd period - Phil Varone is hit by Miikka Salomaki and loses puck.
18:55 of 3rd period - Off-side.
18:56 of 3rd period - Phil Varone wins face-off versus Matt White in neutral zone.
19:00 of 3rd period - Minor Penalty to Miikka Salomaki for Interference.
19:01 of 3rd period - Mike Sislo wins face-off versus Laurent Dauphin in Chicoutimi Sagueneens zone.
19:03 of 3rd period - Wrist shot by Brooks Laich.
19:03 of 3rd period - Shot Misses the Net.
Goals for this period are 0 for Chicoutimi Sagueneens vs 3 for Texas Stars.
Shots for this period are 11 for Chicoutimi Sagueneens vs 16 for Texas Stars.